TOP OF THE 1ST |
Spokane Trappers batting - Pitching for Vancouver Vipers : LHP Jaime Ayala
|
Pitching: LHP Jaime Ayala
|
|
Batting: RHB Pedro Guzmán
|
0-0: Ground out 1-3 (Groundball, 15)
|
Batting: RHB Hyo-sang Yu
|
0-0: Ground out 6-3 (Groundball, 6)
|
Batting: SHB António Hinojosa
|
0-0: Ball 1-0: Ball 2-0: Ball 3-0: Called Strike 3-1: Fly out, F8 (Flyball, 8RM)
|
Top of the 1st over - 0 run(s), 0 hit(s), 0 error(s), 0 left on base; Spokane 0 - Vancouver 0 |
BOTTOM OF THE 1ST |
Vancouver Vipers batting - Pitching for Spokane Trappers : LHP Alberto Cabrera
|
Pitching: LHP Alberto Cabrera
|
|
Batting: SHB Anastasio Ortíz
|
0-0: Ball 1-0: SINGLE (Line Drive, 34D)
|
Batting: RHB Kel Pierce
|
0-0: Ball 1-0: Called Strike 1-1: Ball 2-1: SINGLE (Line Drive, 34D) Anastasio Ortíz to second
|
Batting: RHB Dan Tyler
|
0-0: Called Strike 0-1: Foul Ball, location: 2F 0-2: SINGLE (Groundball, 6MD) Anastasio Ortíz to third Kel Pierce to second Runner from 3rd tries for Home, SAFE, no throw or cutoff
|
Batting: RHB Howard Lane
|
0-0: Ball 1-0: Ball 2-0: SINGLE (Line Drive, 4D) Kel Pierce to third Dan Tyler to second
|
Batting: RHB Xavier Feliciano
|
0-0: Ball 1-0: Ball 2-0: Ball 3-0: Base on Balls Kel Pierce scores Dan Tyler to third Howard Lane to second
|
Batting: LHB Mike Williams
|
0-0: Foul Ball, location: 2F 0-1: Ball 1-1: DOUBLE (Line Drive, 3D) Dan Tyler scores Howard Lane scores Xavier Feliciano to third
|
Batting: RHB Lorenzo González
|
0-0: Swinging Strike 0-1: Fly out, F8 (Line Drive, 8RM) Runner from 3rd tags up, OUT at HOME Mike Williams to third
|
Batting: LHB Malcolm Thomas
|
0-0: Called Strike 0-1: Swinging Strike 0-2: SINGLE (Line Drive, 7S) Mike Williams scores
|
Batting: SHB Richard Bowman
|
0-0: Called Strike 0-1: Ball Malcolm Thomas is caught stealing 2nd base
|
Bottom of the 1st over - 5 run(s), 6 hit(s), 0 error(s), 0 left on base; Spokane 0 - Vancouver 5 |
TOP OF THE 2ND |
Spokane Trappers batting - Pitching for Vancouver Vipers : LHP Jaime Ayala
|
Batting: LHB Fernando Pérez
|
0-0: Ball 1-0: Ball 2-0: Foul Ball, location: 2F 2-1: Ball 3-1: Foul Ball, location: 2F 3-2: Base on Balls
|
Batting: RHB John Craig
|
0-0: Swinging Strike 0-1: Ball 1-1: Called Strike 1-2: Foul Ball, location: 2F 1-2: Fly out, F3 (Popup, 3S)
|
Batting: RHB Toru Nakanishi
|
0-0: Called Strike 0-1: Ball 1-1: Swinging Strike 1-2: Foul Ball, location: 2F 1-2: Foul Ball, location: 2F 1-2: Foul Ball, location: 2F 1-2: Fly out, F9 (Flyball, 9M)
|
Batting: RHB Ernesto Acosta
|
0-0: Ball 1-0: Foul Ball, location: 2F 1-1: Ball 2-1: Foul Ball, location: 2F 2-2: DOUBLE (Line Drive, 78XD) Fernando Pérez to third
|
Batting: LHB Pete Carter
|
0-0: Ball 1-0: Ball 2-0: Foul Ball, location: 2F 2-1: Foul Ball, location: 2F 2-2: Strikes out swinging
|
Top of the 2nd over - 0 run(s), 1 hit(s), 0 error(s), 2 left on base; Spokane 0 - Vancouver 5 |
BOTTOM OF THE 2ND |
Vancouver Vipers batting - Pitching for Spokane Trappers : LHP Alberto Cabrera
|
Batting: SHB Richard Bowman
|
0-0: Called Strike 0-1: Ball 1-1: Called Strike 1-2: Ball 2-2: Ball 3-2: Foul Ball, location: 2F 3-2: Foul Ball, location: 2F 3-2: Foul Ball, location: 2F 3-2: Foul Ball, location: 2F 3-2: Fly out, F8 (Flyball, 8LS)
|
Batting: SHB Anastasio Ortíz
|
0-0: Ball 1-0: Fly out, F9 (Flyball, 9LM)
|
Batting: RHB Kel Pierce
|
0-0: Fly out, F6 (Popup, 56D)
|
Bottom of the 2nd over - 0 run(s), 0 hit(s), 0 error(s), 0 left on base; Spokane 0 - Vancouver 5 |
TOP OF THE 3RD |
Spokane Trappers batting - Pitching for Vancouver Vipers : LHP Jaime Ayala
|
Batting: RHB Carmelo Hernández
|
0-0: Fly out, F8 (Flyball, 8RM)
|
Batting: RHB Pedro Guzmán
|
0-0: Swinging Strike 0-1: Foul Ball, location: 2F 0-2: Strikes out swinging
|
Batting: RHB Hyo-sang Yu
|
0-0: Called Strike 0-1: Ball 1-1: Ball 2-1: Ball 3-1: Base on Balls
|
Batting: SHB António Hinojosa
|
0-0: SINGLE (Groundball, 6) Hyo-sang Yu to second
|
Batting: LHB Fernando Pérez
|
0-0: Ball 1-0: Ground out U3 (Groundball, 3)
|
Top of the 3rd over - 0 run(s), 1 hit(s), 0 error(s), 2 left on base; Spokane 0 - Vancouver 5 |
BOTTOM OF THE 3RD |
Vancouver Vipers batting - Pitching for Spokane Trappers : LHP Alberto Cabrera
|
Batting: RHB Dan Tyler
|
0-0: Ball 1-0: Foul Ball, location: 2F 1-1: Called Strike 1-2: Ball 2-2: Ball 3-2: Foul Ball, location: 2F 3-2: Strikes out swinging
|
Batting: RHB Howard Lane
|
0-0: Ball 1-0: Ground out 6-3 (Groundball, 6M)
|
Batting: RHB Xavier Feliciano
|
0-0: Called Strike 0-1: Ball 1-1: Ground out 1-3 (Groundball, 23)
|
Bottom of the 3rd over - 0 run(s), 0 hit(s), 0 error(s), 0 left on base; Spokane 0 - Vancouver 5 |
TOP OF THE 4TH |
Spokane Trappers batting - Pitching for Vancouver Vipers : LHP Jaime Ayala
|
Batting: RHB John Craig
|
0-0: Called Strike 0-1: DOUBLE (Groundball, 5L)
|
Batting: RHB Toru Nakanishi
|
0-0: Foul Ball, location: 2F 0-1: Ball 1-1: Ball 2-1: Ground out 5-3 (Groundball, 56)
|
Batting: RHB Ernesto Acosta
|
0-0: Ball 1-0: Ball 2-0: Ball 3-0: DOUBLE (Line Drive, 7LS) John Craig scores
|
Batting: LHB Pete Carter
|
0-0: Swinging Strike 0-1: Fly out, F7 (Flyball, 78D)
|
Batting: RHB Carmelo Hernández
|
0-0: Ball 1-0: Called Strike 1-1: Ball 2-1: Swinging Strike 2-2: Foul Ball, location: 2F 2-2: Ball 3-2: Strikes out looking
|
Top of the 4th over - 1 run(s), 2 hit(s), 0 error(s), 1 left on base; Spokane 1 - Vancouver 5 |
BOTTOM OF THE 4TH |
Vancouver Vipers batting - Pitching for Spokane Trappers : LHP Alberto Cabrera
|
Batting: LHB Mike Williams
|
0-0: Ground out 4-3 (Groundball, 4)
|
Batting: RHB Lorenzo González
|
0-0: Ball 1-0: Ball 2-0: Ball 3-0: Called Strike 3-1: Base on Balls
|
Batting: LHB Malcolm Thomas
|
0-0: Ball 1-0: Called Strike 1-1: Called Strike 1-2: SINGLE (Flyball, 7S) Lorenzo González to second
|
Batting: SHB Richard Bowman
|
0-0: Ball 1-0: Foul Ball, location: 2F 1-1: Called Strike 1-2: Ball 2-2: Fly out, F8 (Flyball, 8LS)
|
Batting: SHB Anastasio Ortíz
|
0-0: Ball 1-0: TRIPLE (Groundball, 5D) Lorenzo González scores Malcolm Thomas scores
|
Pitching: RHP Jacob Miller
|
|
Batting: RHB Kel Pierce
|
0-0: Called Strike 0-1: Ball 1-1: Foul Ball, location: 2F 1-2: Strikes out swinging
|
Bottom of the 4th over - 2 run(s), 2 hit(s), 0 error(s), 1 left on base; Spokane 1 - Vancouver 7 |
TOP OF THE 5TH |
Spokane Trappers batting - Pitching for Vancouver Vipers : LHP Jaime Ayala
|
Batting: RHB Pedro Guzmán
|
0-0: Ball 1-0: Called Strike 1-1: Foul Ball, location: 2F 1-2: Ground out 6-3 (Groundball, 6)
|
Batting: RHB Hyo-sang Yu
|
0-0: Ball 1-0: Ball 2-0: SINGLE (Groundball, 56)
|
Batting: SHB António Hinojosa
|
0-0: Foul Ball, location: 2F 0-1: Foul Ball, location: 2F 0-2: Foul Ball, location: 2F 0-2: Ball 1-2: Ball 2-2: Strikes out swinging
|
Batting: LHB Fernando Pérez
|
0-0: Called Strike 0-1: Ground out 4-3 (Groundball, 4)
|
Top of the 5th over - 0 run(s), 1 hit(s), 0 error(s), 1 left on base; Spokane 1 - Vancouver 7 |
BOTTOM OF THE 5TH |
Vancouver Vipers batting - Pitching for Spokane Trappers : RHP Jacob Miller
|
Batting: RHB Dan Tyler
|
0-0: Reached on error, E6 (Groundball, 6MS)
|
Batting: RHB Howard Lane
|
0-0: Ball 1-0: Fly out, F8 (Flyball, 8LD)
|
Batting: RHB Xavier Feliciano
|
0-0: Called Strike 0-1: Called Strike 0-2: Fly out, F8 (Line Drive, 8LS)
|
Batting: LHB Mike Williams
|
0-0: Ball 1-0: Ball 2-0: Ball 3-0: Base on Balls Dan Tyler to second
|
Batting: RHB Lorenzo González
|
0-0: Ball 1-0: Called Strike 1-1: Ground out 4-3 (Groundball, 4)
|
Bottom of the 5th over - 0 run(s), 0 hit(s), 1 error(s), 2 left on base; Spokane 1 - Vancouver 7 |
TOP OF THE 6TH |
Spokane Trappers batting - Pitching for Vancouver Vipers : LHP Jaime Ayala
|
Pitching: RHP Martin Atkins
|
|
Batting: RHB John Craig
|
0-0: Ball 1-0: Ball 2-0: Called Strike 2-1: Ball 3-1: Foul Ball, location: 2F 3-2: Ground out 1-3 (Groundball, 23)
|
Batting: RHB Toru Nakanishi
|
0-0: Called Strike 0-1: Foul Ball, location: 2F 0-2: Ball 1-2: Strikes out swinging
|
Batting: RHB Ernesto Acosta
|
0-0: Ball 1-0: Foul Ball, location: 2F 1-1: Swinging Strike 1-2: Strikes out looking
|
Top of the 6th over - 0 run(s), 0 hit(s), 0 error(s), 0 left on base; Spokane 1 - Vancouver 7 |
BOTTOM OF THE 6TH |
Vancouver Vipers batting - Pitching for Spokane Trappers : RHP Jacob Miller
|
Batting: LHB Malcolm Thomas
|
0-0: Reached on error, E6 (Groundball, 6)
|
Batting: SHB Richard Bowman
|
0-0: Called Strike 0-1: Ball 1-1: 2-RUN HOME RUN (Flyball, 9LD), Distance : 376 ft
|
Batting: SHB Anastasio Ortíz
|
0-0: Ball 1-0: Ball 2-0: Called Strike 2-1: Ball 3-1: Swinging Strike 3-2: Strikes out swinging
|
Batting: RHB Kel Pierce
|
0-0: Ball Reached via error on a dropped throw, E3
|
Batting: RHB Dan Tyler
|
0-0: Ball Kel Pierce steals 2nd base 1-0: Ball 2-0: Called Strike 2-1: Ball 3-1: SINGLE (Line Drive, 78S) Kel Pierce to third
|
Batting: RHB Howard Lane
|
0-0: Called Strike 0-1: Ball 1-1: DOUBLE (Line Drive, 8LD) Kel Pierce scores Dan Tyler to third
|
Pitching: RHP Jake Jones
|
|
Batting: RHB Xavier Feliciano
|
0-0: Ball 1-0: Foul Ball, location: 2F 1-1: Fly out, F9 (Flyball, 9S)
|
Batting: LHB Mike Williams
|
0-0: Called Strike 0-1: Foul Ball, location: 2F 0-2: Ball 1-2: Strikes out looking
|
Bottom of the 6th over - 3 run(s), 3 hit(s), 2 error(s), 2 left on base; Spokane 1 - Vancouver 10 |
TOP OF THE 7TH |
Spokane Trappers batting - Pitching for Vancouver Vipers : RHP Martin Atkins
|
Batting: LHB Pete Carter
|
0-0: Ball 1-0: Foul Ball, location: 2F 1-1: Swinging Strike 1-2: Strikes out swinging
|
Batting: RHB Carmelo Hernández
|
0-0: Ball 1-0: Ball 2-0: SINGLE (Groundball, 25) (infield hit)
|
Batting: RHB Pedro Guzmán
|
0-0: Called Strike 0-1: Called Strike 0-2: Foul Ball, location: 2F 0-2: Ball 1-2: SINGLE (Line Drive, 7LS) Carmelo Hernández to second
|
Batting: RHB Hyo-sang Yu
|
0-0: Swinging Strike 0-1: Foul Ball, location: 2F 0-2: Ball 1-2: Fly out, F8 (Flyball, 89M)
|
Batting: SHB António Hinojosa
|
0-0: Called Strike 0-1: Called Strike 0-2: Ball 1-2: Ball 2-2: Strikes out swinging
|
Top of the 7th over - 0 run(s), 2 hit(s), 0 error(s), 2 left on base; Spokane 1 - Vancouver 10 |
BOTTOM OF THE 7TH |
Vancouver Vipers batting - Pitching for Spokane Trappers : RHP Jake Jones
|
Batting: RHB Lorenzo González
|
0-0: Called Strike 0-1: Fly out, F9 (Flyball, 9S)
|
Batting: LHB Malcolm Thomas
|
0-0: Ball 1-0: Swinging Strike 1-1: Ball 2-1: Fly out, F7 (Flyball, 7S)
|
Batting: SHB Richard Bowman
|
0-0: Ball 1-0: Ground out 5-3 (Groundball, 56S)
|
Bottom of the 7th over - 0 run(s), 0 hit(s), 0 error(s), 0 left on base; Spokane 1 - Vancouver 10 |
TOP OF THE 8TH |
Spokane Trappers batting - Pitching for Vancouver Vipers : RHP Martin Atkins
|
Pitching: LHP Jeff Catron
|
|
Batting: LHB Fernando Pérez
|
0-0: Ball 1-0: Foul Ball, location: 2F 1-1: Ball 2-1: Ball 3-1: Base on Balls
|
Batting: RHB John Craig
|
0-0: DOUBLE (Line Drive, 7LS) Fernando Pérez to third
|
Batting: RHB Toru Nakanishi
|
0-0: Foul Ball, location: 2F 0-1: Called Strike 0-2: Ball 1-2: Foul Ball, location: 2F 1-2: Foul Ball, location: 2F 1-2: Foul Ball, location: 2F 1-2: Ball 2-2: Ball 3-2: Base on Balls
|
Batting: RHB Ernesto Acosta
|
0-0: Grounds into double play, U6-3 (Groundball, 6M) Fernando Pérez scores John Craig to third
|
Batting: LHB Pete Carter
|
0-0: Ground out 4-3 (Groundball, 4)
|
Top of the 8th over - 1 run(s), 1 hit(s), 0 error(s), 1 left on base; Spokane 2 - Vancouver 10 |
BOTTOM OF THE 8TH |
Vancouver Vipers batting - Pitching for Spokane Trappers : RHP Jake Jones
|
Batting: SHB Anastasio Ortíz
|
0-0: Ball 1-0: Ball 2-0: Called Strike 2-1: Called Strike 2-2: Strikes out looking
|
Pitching: RHP José Navarro
|
|
Batting: RHB Kel Pierce
|
0-0: Called Strike 0-1: Called Strike 0-2: SINGLE (Line Drive, 4D)
|
Batting: RHB Dan Tyler
|
0-0: Foul Ball, location: 2F 0-1: Fly out, F8 (Flyball, 8LM)
|
Batting: RHB Howard Lane
|
0-0: Called Strike 0-1: Ball 1-1: Ball 2-1: Foul Ball, location: 2F 2-2: TRIPLE (Groundball, 3L) Kel Pierce scores
|
Batting: RHB Xavier Feliciano
|
0-0: DOUBLE (Flyball, 89XD) Howard Lane scores
|
Batting: LHB Mike Williams
|
0-0: Foul Ball, location: 2F 0-1: Ball 1-1: Fly out, F6 (Line Drive, 6)
|
Bottom of the 8th over - 2 run(s), 3 hit(s), 0 error(s), 1 left on base; Spokane 2 - Vancouver 12 |
TOP OF THE 9TH |
Spokane Trappers batting - Pitching for Vancouver Vipers : LHP Jeff Catron
|
Batting: RHB Carmelo Hernández
|
0-0: Fly out, F7 (Flyball, 78D)
|
Batting: RHB Pedro Guzmán
|
0-0: Ground out U3 (Groundball, 3)
|
Batting: RHB Hyo-sang Yu
|
0-0: Ball 1-0: DOUBLE (Line Drive, 89M)
|
Batting: SHB António Hinojosa
|
0-0: Ball 1-0: Ball 2-0: Ball 3-0: Base on Balls
|
Batting: LHB Fernando Pérez
|
0-0: Ball 1-0: Foul Ball, location: 2F 1-1: Called Strike 1-2: Ball 2-2: Strikes out swinging
|
Top of the 9th over - 0 run(s), 1 hit(s), 0 error(s), 2 left on base; Spokane 2 - Vancouver 12 |
|